Map: Heavy Artillery LE

Players

Balinn

  • Race: Terran Terran
  • Spawn Location: 1:00

vladius

  • Race: Protoss Protoss
  • Spawn Location: 3:00

Massa

  • Race: Terran Terran
  • League: Platinum
  • Spawn Location: 7:00

qqq

  • Race: Zerg Zerg
  • League: Platinum
  • Spawn Location: 7:00

VOD

Have the link to the VOD?

Description

Time

  • Played on: Sept. 29, 2020, 4:13 p.m.
  • Length: 10:21
Show
View Real Time Build Order
Export as new Build Order

Balinn Terran 

Build Orders: Reaper Expand 

Get SALT Encoding   

  12  0:01  SCV  
  13  0:13  SCV  
  14  0:18  Supply Depot  
  14  0:26  SCV  
  15  0:39  SCV  
  16  0:43  Barracks  
  16  0:47  Refinery  
  16  0:51  SCV  
  17  1:03  SCV  
  18  1:16  SCV  
  19  1:30  Orbital Command  
  19  1:31  Reaper  
  20  1:48  Command Center  
  20  1:57  SCV  
  21  2:02  Supply Depot  
  21  2:05  Marine  
  22  2:19  Factory  
  22  2:20  Refinery  
  22  2:24  SCV  
  23  2:36  SCV  
  23  2:38  Marine  
  24  2:52  SCV  
  25  3:02  Orbital Command  
  25  3:05  Barracks Reactor  
  25  3:07  Starport  
  25  3:08  Hellion  
  25  3:11  SCV  
  28  3:19  Orbital Command  
  28  3:23  SCV  
  29  3:35  SCV  
  30  3:56  SCV x2  
  30  3:58  Barracks Tech Lab  
  30  3:59  Fusion Core  
  32  4:03  Hellion x2  
  32  4:08  Starport Tech Lab  
  36  4:11  SCV x2  
  36  4:14  Refinery  
  38  4:18  Refinery  
  38  4:23  Marine  
  39  4:25  SCV x2  
  39  4:26  Hellion x2  
  45  4:31  Engineering Bay  
  45  4:44  SCV  
  45  4:45  Supply Depot  
  46  4:46  Viking, Supply Depot  
  46  4:47  SCV  
  49  5:04  Weapon Refit, SCV  
  49  5:05  SCV  
  51  5:17  SCV x2  
  32  5:41  Hellion x2  
  34  5:44  SCV x2  
  35  5:56  SCV x2  
  37  6:01  Command Center  
  37  6:03  Battlecruiser  
  43  6:04  Hellion x2  
  43  6:08  SCV  
  48  6:19  SCV  
  48  6:20  SCV  
  50  6:33  Factory  
  50  6:35  SCV x2, Missile Turret  
  50  6:37  Barracks Tech Lab  
  52  6:53  SCV x2  
  54  7:05  SCV x2  
  54  7:07  Missile Turret  
  56  7:09  Missile Turret, Battlecruiser  
  56  7:14  Missile Turret  
  62  7:23  SCV x2  
  62  7:25  Starport  
  64  7:36  SCV  
  60  7:37  SCV  
  60  7:40  Siege Tank  
  64  7:46  Orbital Command  
  63  7:51  SCV x2  
  63  7:52  Missile Turret  
  63  7:53  Missile Turret  
  63  7:56  Missile Turret  
  65  8:03  SCV x2  
  67  8:19  SCV x2  
  67  8:29  Battlecruiser  
  73  8:35  Battlecruiser  
  73  8:37  SCV x2  
  81  8:53  SCV x2  
  81  8:54  SCV  
  84  9:05  SCV  
  84  9:08  Supply Depot  
  84  9:09  Supply Depot  
  85  9:23  Orbital Command  
  85  9:30  SCV x2, Hellion x2  
  91  9:32  Barracks Tech Lab  
  91  9:52  SCV x2  
  93  10:02  SCV  
  93  10:04  SCV  
Show
View Real Time Build Order
Export as new Build Order

vladius Protoss 

Build Orders: 1 Gate Expand 

Get SALT Encoding   

  12  0:02  Probe  
  13  0:18  Pylon  
  13  0:25  Probe, Assimilator  
  14  0:37  Probe  
  15  0:46  Gateway  
  15  0:52  Probe  
  16  1:04  Probe  
  16  1:05  Assimilator  
  17  1:16  Probe  
  18  1:28  Probe  
  19  1:39  Nexus  
  19  1:53  Cybernetics Core  
  19  1:58  Probe  
  20  2:10  Probe  
  21  2:20  Pylon  
  21  2:22  Probe  
  22  2:27  Pylon  
  22  2:34  Probe  
  23  2:44  Stargate  
  23  2:46  Probe  
  23  2:47  Stargate  
  24  2:53  Probe  
  26  2:58  Probe  
  27  3:05  Probe  
  27  3:11  Probe  
  28  3:17  Probe, Protoss Air Weapons Level 1 (Chrono Boost)  
  29  3:23  Probe  
  29  3:24  Assimilator  
  30  3:28  Assimilator  
  30  3:29  Probe  
  30  3:33  Void Ray  
  31  3:35  Probe  
  31  3:41  Void Ray  
  36  3:42  Probe  
  41  3:53  Probe  
  41  3:54  Probe  
  43  4:05  Probe  
  43  4:06  Probe  
  45  4:10  Pylon  
  45  4:15  Pylon  
  45  4:17  Probe  
  45  4:18  Probe  
  45  4:20  Void Ray  
  47  4:28  Void Ray  
  47  4:29  Probe  
  56  4:41  Probe  
  56  4:43  Probe  
  58  4:53  Probe  
  58  4:55  Probe  
  58  4:57  Void Ray  
  50  5:15  Void Ray  
  50  5:18  Probe  
  50  5:19  Protoss Air Armor Level 1  
  55  5:30  Probe  
  56  5:43  Probe  
  56  5:48  Void Ray (Chrono Boost)  
  57  5:52  Void Ray (Chrono Boost)  
  57  5:55  Probe  
  62  6:02  Probe  
  67  6:07  Probe  
  68  6:14  Probe  
  69  6:19  Probe  
  70  7:02  Pylon  
  70  7:07  Pylon  
  70  7:14  Void Ray  
  70  7:19  Void Ray  
  70  7:20  Probe  
  79  7:32  Probe  
  80  7:44  Probe  
  73  7:51  Void Ray  
  73  7:56  Probe  
  73  7:57  Void Ray  
  82  8:08  Probe  
  67  8:28  Void Ray  
  67  8:34  Void Ray  
  67  8:39  Nexus  
  75  8:43  Pylon  
  75  8:46  Pylon  
  75  9:00  Assimilator  
  75  9:05  Void Ray, Assimilator  
  75  9:11  Void Ray  
Show
View Real Time Build Order
Export as new Build Order

Massa Terran 

Build Orders: Reaper Expand 

Get SALT Encoding   

  12  0:00  SCV  
  13  0:13  SCV  
  14  0:17  Supply Depot  
  14  0:25  SCV  
  15  0:39  SCV, Barracks  
  16  0:51  Refinery, SCV  
  17  1:03  SCV  
  18  1:15  SCV  
  19  1:27  Orbital Command  
  19  1:38  Reaper  
  20  1:40  Command Center  
  20  1:51  Supply Depot  
  20  1:54  SCV  
  21  2:06  SCV  
  22  2:10  Marine  
  23  2:18  SCV  
  24  2:23  Factory  
  24  2:45  Refinery, Barracks Tech Lab  
  24  2:46  SCV  
  25  2:52  Orbital Command  
  25  2:58  SCV, Command Center  
  26  3:07  Starport  
  26  3:10  SCV  
  27  3:22  SCV  
  28  3:28  Refinery  
  28  3:31  SCV  
  29  3:34  SCV  
  30  3:43  SCV  
  30  3:44  Engineering Bay  
  30  3:45  Medivac  
  30  3:46  SCV  
  30  3:48  Widow Mine  
  36  3:51  Marine  
  37  4:00  Ghost Academy  
  37  4:09  Widow Mine, Marine  
  40  4:11  Orbital Command  
  40  4:12  Barracks  
  40  4:14  Terran Infantry Weapons Level 1  
  40  4:24  SCV  
  40  4:25  SCV  
  40  4:27  Marine  
  40  4:30  Siege Tank  
  46  4:36  SCV  
  46  4:37  SCV  
  49  4:49  SCV  
  49  4:51  Medivac  
  49  4:52  Missile Turret  
  52  4:57  Personal Cloaking  
  51  5:00  Barracks Reactor  
  51  5:09  SCV x3  
  51  5:10  Refinery  
  54  5:18  Missile Turret  
  54  5:20  Missile Turret  
  54  5:21  SCV x2  
  55  5:24  Missile Turret  
  55  5:26  Missile Turret  
  50  5:49  Barracks Tech Lab  
  50  5:53  Viking  
  50  5:56  Marine x2  
  54  5:59  SCV x3  
  57  6:11  SCV  
  58  6:13  Marine  
  58  6:14  Marine  
  58  6:15  Terran Infantry Armor Level 1, Ghost Academy  
  60  6:19  Armory  
  60  6:23  Nuke, Viking  
  59  6:31  Marine x2  
  57  6:42  Missile Turret  
  57  6:43  Missile Turret  
  57  6:54  Starport Reactor  
  57  6:56  Ghost  
  59  7:24  Marine  
  59  7:25  Marine  
  59  7:26  Ghost  
  59  7:36  Orbital Command  
  59  7:42  Marine x2  
  61  7:53  Missile Turret  
  61  8:13  Marine  
  61  8:14  Marine  
  61  8:17  Marine  
  58  8:21  Cyclone  
  58  8:27  SCV  
  57  8:28  SCV x2  
  57  8:31  Marine  
  57  8:32  Marine  
  61  8:41  Supply Depot  
  61  8:42  Supply Depot x3  
  61  8:44  Supply Depot  
  61  8:45  Supply Depot x2  
  61  8:46  Supply Depot  
  61  9:03  SCV x3, Marine x3, Viking x2, Cyclone  
  61  9:04  Supply Depot  
  74  9:15  SCV x3  
  74  9:27  SCV x2  
  74  9:28  SCV  
  67  9:32  Marine x2  
  67  9:33  Marine, Viking x2  
  74  9:39  SCV  
  74  9:40  SCV x2  
  72  9:50  Marine x2  
  72  9:51  Marine  
  70  10:02  Barracks  
  70  10:04  Barracks  
  70  10:05  Barracks  
  70  10:06  Barracks, Missile Turret  
Show
View Real Time Build Order
Export as new Build Order

qqq Zerg 

Build Orders: Hatch First, Zergling Baneling 

Get SALT Encoding   

  12  0:01  Drone  
  13  0:13  Drone  
  14  0:36  Hatchery  
  13  0:44  Drone  
  14  0:53  Overlord  
  14  1:03  Spawning Pool  
  13  1:07  Drone  
  13  1:08  Extractor  
  13  1:13  Drone  
  14  1:22  Drone x2  
  16  1:29  Drone  
  17  1:39  Drone  
  18  1:49  Extractor  
  18  1:50  Drone  
  20  1:54  Drone  
  19  2:01  Queen  
  19  2:02  Drone  
  19  2:04  Drone  
  23  2:14  Lair  
  23  2:28  Baneling Nest  
  22  2:32  Zergling x2  
  22  2:33  Drone x2  
  22  2:34  Drone  
  26  2:42  Pneumatized Carapace  
  26  2:47  Overlord  
  27  2:51  Drone  
  27  2:54  Drone  
  28  3:00  Overlord  
  28  3:08  Drone x2  
  28  3:09  Drone  
  28  3:12  Zergling x2  
  32  3:14  Zergling x2  
  32  3:17  Zergling x2  
  34  3:29  Zergling x2  
  34  3:30  Zergling x4  
  37  3:37  Zergling x2  
  37  3:38  Zergling x2  
  39  3:44  Zergling x2  
  39  3:45  Zergling x2  
  41  3:56  Zergling x2  
  41  3:57  Zergling x2  
  41  4:01  Baneling x2  
  43  4:03  Zergling x2  
  43  4:06  Overlord  
  44  4:16  Metabolic Boost  
  44  4:19  Baneling x2  
  44  4:21  Baneling x2  
  44  4:22  Baneling x2  
  44  4:23  Overlord  
  44  4:24  Queen  
  44  4:25  Baneling x2  
  44  4:28  Baneling x4  
  46  4:52  Zergling x6  
  49  4:53  Drone x4  
  49  4:54  Drone  
  49  5:17  Hydralisk Den  
  49  5:18  Overlord x2  
  45  5:36  Overlord x2  
  45  5:39  Spore Crawler  
  38  5:42  Spore Crawler  
  35  5:51  Grooved Spines  
  35  5:52  Hydralisk  
  35  5:53  Hydralisk x3  
  42  5:57  Hydralisk  
  42  6:01  Hatchery  
  43  6:05  Drone  
  44  6:12  Hydralisk  
  44  6:14  Drone, Hydralisk  
  44  6:15  Drone  
  50  6:24  Hydralisk  
  52  6:28  Drone  
  53  6:41  Hydralisk  
  53  6:42  Hydralisk  
  53  6:43  Drone  
  53  6:44  Drone x4  
  62  6:57  Drone x2  
  62  6:58  Drone  
  65  7:02  Spore Crawler  
  65  7:03  Hydralisk  
  65  7:04  Hydralisk  
  65  7:06  Overlord x2  
  65  7:24  Spore Crawler  
  65  7:25  Spore Crawler  
  60  7:31  Spore Crawler  
  60  7:32  Spore Crawler  
  56  7:39  Drone x5  
  56  7:40  Drone  
  56  7:41  Drone x4  
  36  8:22  Extractor, Queen  
  36  8:24  Extractor, Drone  
  36  8:25  Drone x2  
  37  8:30  Hydralisk Den  
  37  8:32  Drone x3  
  37  8:33  Drone x4  
  43  8:49  Spore Crawler  
  43  8:50  Spore Crawler x2  
  43  8:51  Spore Crawler  
  37  8:59  Hydralisk x3  
  37  9:00  Hydralisk x3  
  49  9:16  Hydralisk x2  
  51  9:27  Spore Crawler  
  51  9:29  Drone, Spore Crawler  
  51  9:30  Spore Crawler  
  46  9:36  Hydralisk  
  39  9:41  Drone  
  34  9:47  Hydralisk  
  34  9:49  Drone  
  34  9:50  Drone  
Tags
 
Add a new tag
Caveats
  • Supply blocks, unpowered buildings, or Contaminate may cause inaccurate times.
  • Supply counts are checked every 10 seconds.